 Dungeon Crawl Stone Soup version 0.28.0-53-g5a82cb258f (webtiles) character file.

Game seed: 5240785700698266608

27 PhantomBowie the Carver (level 3, -1/25 HPs)
             Began as a Gnoll Wanderer on June 15, 2022.
             Slain by a gnoll
             ... wielding a +0 spear
              (10 damage)
             ... on level 2 of the Dungeon.
             The game lasted 00:02:30 (1122 turns).

PhantomBowie the Carver (Gnoll Wanderer)            Turns: 1122, Time: 00:02:30

Health: -1/25      AC:  3    Str:  8    XL:     3   Next: 10%
Magic:  3/7        EV: 11    Int: 15    God:
Gold:   51         SH:  0    Dex: 12    Spells: 6/7 levels left

rFire   . . .      SeeInvis .   g - +2 dagger (venom)
rCold   . . .      Faith    .   (no shield)
rNeg    . . .      Spirit   .   e - +0 leather armour
rPois   .          Reflect  .   (no helmet)
rElec   .          Harm     .   (no cloak)
rCorr   .          Rampage  .   (no gloves)
Will    .....                   (no boots)
Stlth   +.........              (no amulet)
HPRegen 0.08/turn               (no ring)
MPRegen 0.10/turn               (no ring)

@: no status effects
A: fangs 1, strong nose, distributed training
a: no special abilities


You were on level 2 of the Dungeon.
You visited 1 branch of the dungeon, and saw 2 of its levels.

You collected 51 gold pieces.

Inventory:

Hand Weapons
 a - a +0 long sword
 g - a +2 dagger of venom (weapon)
Missiles
 b - 12 poisoned darts (quivered)
Armour
 e - a +0 leather armour (worn)
Scrolls
 c - a scroll of holy word {unknown}
 d - a scroll of noise {unknown}
 f - 2 scrolls of identify {unknown}
 h - a scroll of blinking {unknown}


   Skills:
 + Level 0.6 Fighting
 + Level 0.6 Short Blades
 + Level 8.5 Long Blades
 + Level 0.6 Axes
 + Level 0.6 Maces & Flails
 + Level 0.6 Polearms
 + Level 0.6 Staves
 + Level 0.6 Slings
 + Level 0.6 Bows
 + Level 0.6 Crossbows
 + Level 4.5 Throwing
 + Level 0.6 Armour
 + Level 0.6 Dodging
 + Level 0.6 Stealth
 + Level 0.6 Shields
 + Level 0.6 Unarmed Combat
 + Level 2.8 Spellcasting
 + Level 0.4 Conjurations
 + Level 0.4 Hexes
 + Level 0.4 Summonings
 + Level 0.4 Necromancy
 + Level 0.4 Translocations
 + Level 0.4 Transmutations
 + Level 5.4 Fire Magic
 + Level 0.4 Ice Magic
 + Level 0.4 Air Magic
 + Level 0.4 Earth Magic
 + Level 0.4 Poison Magic
 + Level 0.8 Invocations
 + Level 0.6 Evocations


You had 6 spell levels left.
You knew the following spells:

 Your Spells              Type           Power      Damage    Failure   Level
a - Foxfire               Conj/Fire      40%        2x1d6     9%          1

Your spell library contained the following spells:

 Spells                   Type           Power      Damage    Failure   Level
 Shock                    Conj/Air       12%        1d3       24%         1
 Conjure Flame            Conj/Fire      10%        6-21      26%         3
 Swiftness                Air            3%         N/A       56%         3
 Airstrike                Air            1%         N/A       93%         4


Dungeon Overview and Level Annotations

Branches:
Dungeon (2/15)

Altars:


Innate Abilities, Weirdness & Mutations

You have very sharp teeth.
Your uncanny sense of smell can sniff out nearby items.
Your experience applies equally to all skills.


Message History

The foxfire hits the gnoll.
The gnoll is heavily wounded.
Casting: Foxfire (safe; 11% risk of failure)
Confirm with . or Enter, or press ? or * to list all spells.
You conjure some foxfire!
The foxfire hits the gnoll.
The gnoll is heavily wounded.
The foxfire hits the gnoll.
The gnoll is almost dead.
You hit the gnoll but do no damage.
The gnoll is poisoned.
The gnoll is almost dead.
You hit the gnoll but do no damage.
The gnoll looks as sick as possible!
The gnoll is almost dead.
You kill the gnoll!
A gnoll comes into view. It is wielding a +0 halberd.
You have reached level 3!
Your experience leads to an increase in your attributes!
Increase (S)trength, (I)ntelligence, or (D)exterity?
You feel clever. x2
Casting: Foxfire (safe; 9% risk of failure)
Confirm with . or Enter, or press ? or * to list all spells.
You conjure some foxfire!
The gnoll shouts!
The gnoll hits you from afar with a +0 spear.
A gnoll comes into view. It is wielding a +0 whip.
The foxfire hits the gnoll but does no damage.
The foxfire hits the gnoll.
The gnoll is lightly wounded.
The gnoll barely misses you.
Casting: Foxfire (safe; 9% risk of failure)
Confirm with . or Enter, or press ? or * to list all spells.
You conjure some foxfire!
The gnoll hits you from afar with a +0 spear!
The foxfire hits the gnoll.
The gnoll is heavily wounded.
The gnoll hits you from afar with a +0 spear.
The foxfire hits the gnoll.
The gnoll is heavily wounded.
The gnoll hits you from afar with a +0 spear!
You die...

### .... ..... ##
...... .#
#..#..### .# ...
...# .#
##.#.##§##.######
#......§..ggg....
........@#######.
#...###.<# #.
#..# #... #..##
...# ##..# #..#
#..#


You could see 3 gnolls.

Vanquished Creatures
  A gnoll (D:2)
  An endoplasm (D:1)
  2 giant cockroaches (D:1)
  2 goblins (D:1)
  A hobgoblin (D:1)
  2 kobolds (D:1)
  A quokka (D:1)
  A ball python (D:1)
  2 bats (D:1)
  2 frilled lizards (D:1)
  2 rats (D:1)
17 creatures vanquished.

Vanquished Creatures (others)
  21 foxfires
21 creatures vanquished.

Grand Total: 38 creatures vanquished

Notes
Turn   | Place    | Note
-------+----------+-------------------------------------------
     0 | D:1      | PhantomBowie the Gnoll Wanderer began the quest for the
                  | Orb.
     0 | D:1      | PhantomBowie set off with the following items: a +0 long
                  | sword, 12 poisoned darts, a +0 dagger, a +0 robe; and the
                  | following spell memorised: Foxfire; and the following
                  | spells available to memorise: Conjure Flame
     0 | D:1      | Reached XP level 1. HP: 13/13 MP: 4/4
   179 | D:1      | Reached XP level 2. HP: 19/19 MP: 3/5
  1033 | D:1      | Found a faded altar of an unknown god.
  1118 | D:2      | Reached XP level 3. HP: 25/25 MP: 4/7
  1122 | D:2      | Slain by a gnoll

Illustrated notes

Levels and vault maps discovered:
D:1:      saegor_arrival_miasma, layout_basic, basic_ecumenical_altar
D:2:      layout_loops_ring, uniq_jessica

Action                   || total
-------------------------++-------
Melee: Long sword        ||    33
       Bite              ||     2
       Dagger            ||     3
 Cast: Foxfire           ||    13
 Stab: Sleeping          ||     1
Armor: Leather armour    ||    13
Dodge: Dodged            ||    11
